 Dungeon Crawl Stone Soup version 0.14-a0-519-g334afa2 (webtiles) character file.

208 MackTheKnife the Changer (level 4, -2/32 HPs)
             Began as a Merfolk Transmuter on Nov 3, 2013.
             Was an Initiate of Fedhas.
             Slain by a worker ant (5 damage)
             ... on Level 3 of the Dungeon.
             The game lasted 00:05:01 (3102 turns).

MackTheKnife the Changer (Merfolk Transmuter)       Turns: 3102, Time: 00:05:01

HP  -2/32        AC  5     Str 10      XL: 4   Next: 50%
MP   3/6         EV 12     Int 12      God: Fedhas [......]
Gold 122         SH  0     Dex 15      Spells:  3 memorised,  1 level left

Res.Fire  : . . .   See Invis. : .     - Unarmed
Res.Cold  : . . .   Warding    : .   g - +0 leather armour
Life Prot.: . . .   Conserve   : .   (no shield)
Res.Poison: .       Res.Corr.  : .   j - +1 dwarf helmet
Res.Elec. : .       Clarity    : .   (no cloak)
Sust.Abil.: . .     Spirit.Shd : .   (no gloves)
Res.Mut.  : .       Stasis     : .   (no boots)
Res.Rott. : .       Flight     : .   (no amulet)
Saprovore : . . .                    (no ring)
                                     (no ring)

@: mildly poisoned, very slightly contaminated, slightly resistant to hostile
enchantments, unstealthy
A: change form in water, swift swim
a: Renounce Religion


You were on level 3 of the Dungeon.
You worshipped Fedhas.
Fedhas was noncommittal.
You were not hungry.

You visited 1 branch of the dungeon, and saw 3 of its levels.

You collected 122 gold pieces.


   Skills:
 - Level 1.1 Fighting
 + Level 4.0 Dodging
 + Level 4.0 Unarmed Combat
 - Level 2.0 Spellcasting
 + Level 4.2 Transmutations
 + Level 0.7 Poison Magic


You had one spell level left.
You knew the following spells:

 Your Spells              Type           Power        Failure   Level  Hunger
x - Spider Form           Trmt/Pois      #.........   34%         3    ####...
y - Sticks to Snakes      Trmt           ##........   10%         2    ###....
z - Beastly Appendage     Trmt           ##....       6%          1    ##.....

Inventory:

Missiles
 b - 10 arrows
Armour
 g - a +0 leather armour (worn)
 j - a +1 dwarven helmet (worn)
Comestibles
 a - a bread ration
Scrolls
 c - a scroll of enchant weapon II {unknown}
 e - 3 scrolls of identify {unknown}
 f - 2 scrolls of random uselessness {unknown}
 h - 3 scrolls of remove curse {unknown}
 l - 3 scrolls of enchant weapon I {unknown}
Books
 d - a book of Changes

   Spells                             Type                      Level
   *Beastly Appendage                 Transmutation                1
   *Sticks to Snakes                  Transmutation                2
   *Spider Form                       Transmutation/Poison         3
   Ice Form                           Ice/Transmutation            4
   Blade Hands                        Transmutation                5

▒·······▒▒▒·▒
▒·····%·····▒
▒▒▒▒▒▒▒·····▒
▒······▒
▒·····▒▒
▒r▒▒▒▒▒ ▒·▒
▒·▒▒▒▒▒▒▒▒▒▒▒
▒·ram·······▒
▒▒▒▒▒▒▒▒▒▒▒·▒
▒·▒ ▒·▒ ▒·▒
▒·▒ ▒·▒ ▒·▒
▒·▒


You could see a worker ant and a quokka.


Message History

You closely miss the worker ant.
The worker ant is heavily wounded.
* * * LOW HITPOINT WARNING * * *
You feel sick.
The worker ant bites you but does no damage.
You closely miss the worker ant.
The worker ant is heavily wounded.
* * * LOW HITPOINT WARNING * * *
You feel sick.
You feel a little better. The worker ant barely misses you.
Unknown command.
You hit the worker ant.
The worker ant is severely wounded.
The worker ant barely misses you.
You hit the worker ant but do no damage.
The worker ant is severely wounded.
* * * LOW HITPOINT WARNING * * *
You feel sick. The worker ant closely misses you.
You barely miss the worker ant.
The worker ant is severely wounded.
* * * LOW HITPOINT WARNING * * *
You feel sick. The worker ant misses you.
The worker ant bites you but does no damage.
You closely miss the worker ant.
The worker ant is severely wounded.
* * * LOW HITPOINT WARNING * * *
You feel sick. The worker ant bites you.
You die...
Fedhas appreciates your contribution to the ecosystem.

Action                   |  1- 3 |  4- 6 || total
-------------------------+-------+-------++-------
Melee: Unarmed           |   196 |    73 ||   269
 Cast: Beastly Appendage |     5 |       ||     5
       Sticks to Snakes  |     1 |     1 ||     2
  Use: Potion            |       |     2 ||     2

Vault maps used:
D:1:      ncdulo_wetmaze
D:2:      elyvilon_altar_3, old_standard_altar, fedhas_altar_3, uniq_terence

Notes
Turn   | Place    | Note
--------------------------------------------------------------
     0 | D:1      | MackTheKnife, the Merfolk Transmuter, began the quest for the Orb.
     0 | D:1      | Reached XP level 1. HP: 15/15 MP: 1/1
   176 | D:1      | Reached skill level 3 in Dodging
   269 | D:1      | Reached skill level 3 in Transmutations
   400 | D:1      | Reached XP level 2. HP: 16/21 MP: 3/3
   471 | D:1      | Learned a level 2 spell: Sticks to Snakes
  1335 | D:1      | Reached XP level 3. HP: 23/26 MP: 4/4
  1532 | D:1      | Learned a level 3 spell: Spider Form
  1615 | D:2      | Noticed Terence
  2102 | D:2      | Found a bloodstained altar of Trog.
  2347 | D:2      | Found a white marble altar of Elyvilon.
  2420 | D:2      | Reached skill level 4 in Transmutations
  2420 | D:2      | Reached XP level 4. HP: 32/32 MP: 6/6
  2608 | D:2      | Reached skill level 4 in Dodging
  2753 | D:2      | Found a blossoming altar of Fedhas.
  3007 | D:2      | Became a worshipper of Fedhas Madash
  3052 | D:3      | Reached skill level 4 in Unarmed Combat
  3101 | D:3      | HP: 3/32 [poisoned by a worker ant]
  3102 | D:3      | Slain by a worker ant

Vanquished Creatures
  2 adders
  An inept feature mimic (D:2)
  An inept item mimic (D:2)
  A giant gecko (D:1)
  7 bats
  6 giant cockroaches
  9 goblins
  8 hobgoblins
  4 jackals (D:2)
  3 giant newts
  4 kobolds
  4 rats
50 creatures vanquished.

Vanquished Creatures (collateral kills)
  A butterfly (D:2)
1 creature vanquished.

Vanquished Creatures (others)
  A toadstool (D:3)
1 creature vanquished.

Grand Total: 52 creatures vanquished
